 Dungeon Crawl Stone Soup version 0.26-a0-1147-g3780a7a11b (webtiles) character file.

Game seed: 11731881906094992290

51 sokol815 the Sneak (level 3, -6/26 HPs)
             Began as an Octopode Delver on Dec 23, 2020.
             Mangled by Grinder (10 damage)
             ... while paralysed by Grinder
             ... on level 3 of the Dungeon.
             The game lasted 00:02:35 (1030 turns).

sokol815 the Sneak (Octopode Delver)                Turns: 1030, Time: 00:02:35

Health: -6/26      AC:  1    Str: 11    XL:     3   Next: 81%
Magic:  3/3        EV:  2    Int: 12    God:
Gold:   53         SH:  0    Dex: 14    Spells: 2/2 levels left

rFire    . . .     SeeInvis .   a - +0 falchion
rCold    . . .     Faith    .   (no shield)
rNeg     . . .     Spirit   .   (helmet restricted)
rPois    .         Reflect  .   h - amulet of the acrobat
rElec    .         Harm     .   (no ring)
rCorr    .         Rampage  .   (no ring)
Will     .....                  (no ring)
Stlth    ++++......             (no ring)
HPRegen  0.08/turn              (no ring)
MPRegen  0.08/turn              (no ring)
                                (no ring)
                                (no ring)

@: paralysed
A: almost no armour, stealthy swim, amphibious, 8 rings, constrict 8, camouflage
1, gelatinous body 1
a: no special abilities


You were on level 3 of the Dungeon.
You visited 1 branch of the dungeon, and saw 3 of its levels.

You collected 53 gold pieces.

Inventory:

Hand Weapons
 a - a +0 falchion (weapon)
Missiles
 g - 28 bolts
Jewellery
 h - an amulet of the acrobat (around mantle)
   (You found it on level 5 of the Dungeon)
Wands
 f - a wand of digging (3)
Scrolls
 b - a scroll of fog
 c - a scroll of magic mapping {!r}
 d - a scroll of fear
 i - a scroll of immolation {unknown}
Potions
 e - a potion of haste


   Skills:
 - Level 3.0 Fighting
 + Level 4.0 Long Blades
 - Level 2.0 Dodging
 - Level 6.6 Stealth


You had 2 spell levels left.
You didn't know any spells.
Your spell library was empty.

Dungeon Overview and Level Annotations

Branches:
Dungeon (5/15)
 Temple: D:4-7

Altars:
Nemelex Xobeh

Annotations:
D:3 Grinder, Natasha
D:5 exclusion: adder


Innate Abilities, Weirdness & Mutations

You cannot wear most types of armour.
You are very stealthy in the water. (Stealth+)
You are amphibious.
You can wear up to eight rings at the same time.
You can use your tentacles to constrict eight enemies at once.
Your skin changes colour to match your surroundings (Stealth+).
Your rubbery body absorbs attacks. (AC +1, EV +1)


Message History

The quokka completely misses you.
You hit the quokka.
You kill the quokka!
You have reached level 3!
Your experience leads to an increase in your attributes!
Increase (s)trength, (i)ntelligence, or (d)exterity?
You feel agile.
You regained 5 hp, and now have 24/26 hp.
MP restored: 3
There is an open door here.
A worker ant comes into view.
The helpless worker ant fails to defend itself.
You hit the worker ant. Your grab misses the worker ant.
The worker ant bites you.
You are poisoned.
The worker ant poisons you!
You take 4 damage, and have 21/26 hp.
You slash the worker ant! You grab the worker ant. You squeeze the worker ant.
You constrict the worker ant, but do no damage.
You feel sick. The worker ant closely misses you.
The worker ant barely misses you.
You take 1 damage, and have 20/26 hp.
You hit the worker ant but do no damage.
You constrict the worker ant.
You feel sick. The worker ant bites you.
You are more poisoned.
The worker ant poisons you!
You take 3 damage, and have 17/26 hp.
You hit the worker ant.
You kill the worker ant!
You feel sick.
Your Long Blades skill increases to level 4!
You take 2 damage, and have 15/26 hp.
You feel sick.
You start resting.
You feel sick.
You take 1 damage, and have 14/26 hp.
You start resting.
You feel sick.
You take 1 damage, and have 13/26 hp.
You start resting.
You feel sick.
You take 1 damage, and have 12/26 hp.
You start resting.
You feel sick.
You take 1 damage, and have 11/26 hp.
You start resting.
You feel sick.
You take 1 damage, and have 10/26 hp.
You start resting.
You feel sick. x10
You are no longer poisoned.
You take 8 damage, and have 2/26 hp.
MASSIVE DAMAGE!!
You start resting.
Health restored: 26
Found a stone staircase leading up.
You see here 18 arrows.
There is a stone staircase leading up here.
You climb upwards.
There is a stone staircase leading down here.
Found a sparkling altar of Nemelex Xobeh.
Found an escape hatch in the floor.
Natasha, Servant of Life and Death comes into view.
There is a stone staircase leading down here.
Found a stone staircase leading down.
g - 28 bolts (gained 5)
A quokka comes into view.
The helpless quokka fails to defend itself.
You hit the quokka. You grab the quokka. You constrict the quokka.
The quokka closely misses you.
You hit the quokka.
You kill the quokka!
You see here a quokka corpse.
Found an escape hatch in the floor.
You see here a quokka corpse.
A goblin comes into view.
The goblin shouts!
You slash the goblin!
You kill the goblin!
Grinder comes into view.
She is carrying a wand of polymorph (6).
Okay, then.
You start waiting.
Grinder is nearby!
You see here a goblin corpse.
Grinder shouts!
You slash Grinder! You grab Grinder.
You constrict Grinder, but do no damage.
Grinder hits you!
You take 7 damage, and have 19/26 hp.
MASSIVE DAMAGE!!
You hit Grinder. You constrict Grinder.
Grinder says, "My boss said I was rubbish.
His entrails said otherwise."
Grinder hits you.
You writhe in agony.
You take 7 damage, and have 12/26 hp.
MASSIVE DAMAGE!!
You hit Grinder.
You constrict Grinder, but do no damage.
Grinder gestures at you.
You suddenly lose the ability to move!
You lose your grip on Grinder.
Grinder zaps a wand.
You resist with significant effort. Grinder hits you!
* * * LOW HITPOINT WARNING * * *
Grinder hits you!
You die...

# # ###### .#.
#..... #.#
##..... #.#
#...... #.#
#..=. ##.##
#..5######.#.###
#..@.......†..#
#.#########.##.#
#.##.# #.##.#
#.##.# #.##.#
#.##.## #.#...#
#.#.#.#


You could see Grinder.

Vanquished Creatures
  A worker ant (D:4)
  An adder (D:5)
  An ooze (D:5)
  A leopard gecko (D:5)
  2 orcs (D:5)
  A giant cockroach (D:4)
  A goblin (D:3)
  2 quokkas
  2 frilled lizards
12 creatures vanquished.

Notes
Turn   | Place    | Note
-------+----------+-------------------------------------------
     0 | D:5      | sokol815 the Octopode Delver began the quest for the Orb.
     0 | D:5      | Reached XP level 1. HP: 16/16 MP: 1/1
    41 | D:5      | Noticed an ice beast
   287 | D:5      | Reached XP level 2. HP: 17/21 MP: 2/2
   356 | D:5      | Reached skill level 3 in Long Blades
   370 | D:5      | Noticed a howler monkey
   492 | D:4      | Noticed an ogre
   553 | D:4      | Noticed a sky beast
   560 | D:4      | Reached XP level 3. HP: 24/26 MP: 3/3
   577 | D:4      | Reached skill level 4 in Long Blades
   589 | D:4      | HP: 6/26 [poisoned by a worker ant]
   594 | D:4      | HP: 5/26 [poisoned by a worker ant]
   601 | D:4      | HP: 3/26 [poisoned by a worker ant]
   609 | D:4      | HP: 2/26 [poisoned by a worker ant]
   923 | D:3      | Found a sparkling altar of Nemelex Xobeh.
   924 | D:3      | Noticed Natasha
  1006 | D:3      | Noticed Grinder
  1027 | D:3      | Paralysed by Grinder for 5 turns
  1029 | D:3      | HP: 4/26 [Grinder (9)]
  1030 | D:3      | Mangled by Grinder

Illustrated notes

Levels and vault maps discovered:
D:3:      layout_loops_ring, general_overflow_altar, uniq_grinder, uniq_natasha
D:4:      layout_basic
D:5:      layout_rooms

Skill      XL: |  1  2  3 |
---------------+----------+-----
Long Blades    | 3 4 |  4.0
Fighting       | |  3.0
Dodging        | |  2.0
Stealth        | |  6.6

Action                   || total
-------------------------++-------
Melee: Falchion          ||    31
       Constrict         ||     9
       Tentacles         ||     4
 Stab: Sleeping          ||     5
Dodge: Dodged            ||    15
       Rpst.: Falchion   ||     4

Table legend: (Time is in decaauts)
 A = Elapsed time spent in this place.
 B = Non-inter-level travel time spent in this place.
 C = Inter-level travel time spent in this place.
 D = Time resting spent in this place.
 E = Time spent auto-exploring this place.
 F = Levels seen in this place.
 G = Mean time per level.
                   A        B        C        D        E       F      G
               +--------+--------+--------+--------+--------+-----+--------+
         Total |   1033 |   1033 |      0 |    653 |    130 |   3 |  344.3 |
       Dungeon |   1033 |   1033 |      0 |    653 |    130 |   3 |  344.3 |
               +--------+--------+--------+--------+--------+-----+--------+

Top non-repeatable levels by time:
     D:5: 494 daAuts
     D:4: 431 daAuts
     D:3: 108 daAuts

Table legend:
 A = Kills in this place as a percentage of kills in entire the game.
 B = Kills by you in this place as a percentage of kills by you in the entire game.
 C = Kills by friends in this place as a percentage of kills by friends in the entire game.
 D = Other kills in this place as a percentage of other kills in the entire game.
 E = Experience gained in this place as a percentage of experience gained in the entire game.
 F = Experience gained in this place divided by the number of levels of this place that you have seen.
                   A       B       C       D       E      F
               +-------+-------+-------+-------+-------+----------------------
         Total | 100.0 | 100.0 |   N/A |   N/A | 100.0 |  24.3
       Dungeon | 100.0 | 100.0 |   N/A |   N/A | 100.0 |  24.3
               +-------+-------+-------+-------+-------+----------------------
